 Dungeon Crawl Stone Soup version 0.17-a0-2122-g03d97ec (webtiles) character file.

12125 radek the Infuser (level 11, -9/57 HPs)
             Began as a Deep Elf Conjurer on Oct 21, 2015.
             Killed from afar by a shadow dragon (37 damage)
             ... with a bolt of negative energy
             ... on level 12 of the Dungeon.
             The game lasted 01:45:58 (16688 turns).

radek the Infuser (Deep Elf Conjurer)              Turns: 16688, Time: 01:45:58

Health: -9/57      AC: 11    Str:  5    XL:     11   Next: 58%
Magic:  12/29      EV: 12    Int: 28    God:
Gold:   565        SH:  0    Dex: 15    Spells: 4 memorised, 19 levels left

rFire  . . .     SeeInvis .     i - +3 flail (protect)
rCold  . . .     Clarity  .     N - +1 leather armour of the Hills {rPois rCorr Int-2}
rNeg   . . .     SustAt   .     (no shield)
rPois  +         Gourm    .     (no helmet)
rElec  .         Spirit   .     x - +1 cloak
rCorr  +         Warding  .     (no gloves)
rMut   +         Stasis   .     (no boots)
MR     +....                    G - amulet of resist mutation
Stlth  ++........               T - ring of poison resistance
                                E - +6 ring of intelligence

@: about to teleport, drained, somewhat resistant to hostile enchantments,
unstealthy
A: no striking features
a: no special abilities


You were on level 12 of the Dungeon.
You were not hungry.

You visited 2 branches of the dungeon, and saw 13 of its levels.

You collected 632 gold pieces.
You spent 67 gold pieces at shops.

Inventory:

Hand Weapons
 g - a +2 whip of electrocution
 i - a +3 flail of protection (weapon)
 t - a +1 dagger of venom
 w - a +2 quarterstaff of chaos
 K - a +2 dagger of flaming
Missiles
 F - 4 tomahawks of dispersal (quivered)
Armour
 x - a +1 cloak (worn)
 N - the +1 leather armour of the Hills (worn) {rPois rCorr Int-2}
   (You found it on level 10 of the Dungeon)

   It affects your intelligence (-2).
   It protects you from poison.
   It protects you from acid and corrosion.
Jewellery
 E - a +6 ring of intelligence (left hand)
 G - an amulet of resist mutation (around neck)
 T - a ring of poison resistance (right hand)
Wands
 a - a wand of polymorph (8)
 q - a wand of paralysis (21)
 I - a wand of polymorph (12)
 O - a wand of random effects (24)
 U - a wand of frost (14)
Scrolls
 d - a scroll of fear
 f - 4 scrolls of magic mapping
 h - 2 scrolls of amnesia
 j - 3 scrolls of teleportation
 l - 8 scrolls of identify
 n - 8 scrolls of remove curse
 u - 2 scrolls of noise
 V - 2 scrolls of enchant armour {unknown}
 Y - a scroll of enchant weapon
Potions
 e - a potion of magic
 k - 3 potions of curing {unknown}
 m - a potion of cancellation {unknown}
 p - a potion of lignification {unknown}
 r - 6 potions of haste {unknown}
 B - a potion of cure mutation {unknown}
 C - 2 potions of might {unknown}
 D - 2 potions of resistance {unknown}
 L - 2 potions of brilliance {unknown}
 P - a potion of flight {unknown}
 Q - 3 potions of heal wounds {unknown}
 W - a potion of mutation {unknown}
 Z - 2 potions of berserk rage {unknown}
Books
 b - a book of Conjurations

   Spells                             Type                      Level
   a - Magic Dart                     Conjuration                  1
   b - Searing Ray                    Conjuration                  2
   c - Dazzling Spray                 Conjuration/Hexes            3
   d - Fulminant Prism                Conjuration/Hexes            4
   e - Iskenderun's Mystic Blast      Conjuration                  4
   f - Iskenderun's Battlesphere      Conjuration/Charms           5
 H - a book of Callings

   Spells                             Type                      Level
   a - Summon Small Mammal            Summoning                    1
   b - Call Imp                       Summoning                    2
   c - Call Canine Familiar           Summoning                    3
   d - Summon Guardian Golem          Hexes/Summoning              3
   e - Summon Lightning Spire         Summoning/Air                4
   f - Summon Ice Beast               Ice/Summoning                4
 X - a book of the Dragon

   Spells                             Type                      Level
   a - Flame Tongue                   Conjuration/Fire             1
   b - Cause Fear                     Hexes                        4
   c - Bolt of Fire                   Conjuration/Fire             6
   d - Dragon Form                    Transmutation                7
   e - Dragon's Call                  Summoning                    9
Miscellaneous
 o - a plain deck of destruction
Comestibles
 c - 11 bread rations


   Skills:
 - Level 2.1(1.5) Fighting
 - Level 3.9(3.2) Dodging
 - Level 3.6(3.0) Stealth
 - Level 12.0(11.1) Spellcasting
 - Level 11.1(10.3) Conjurations
 - Level 6.1(5.4) Hexes
 - Level 13.2(12.3) Charms
 * Level 6.6(5.9) Fire Magic
 - Level 0.7(0.1) Evocations


You had 19 spell levels left.
You knew the following spells:

 Your Spells              Type           Power        Failure   Level  Hunger
a - Magic Dart            Conj           ####         1%          1    None
b - Iskenderun's Battles  Conj/Chrm      ######..     1%          5    ###....
c - Dazzling Spray        Conj/Hex       ######..     1%          3    None
d - Bolt of Fire          Conj/Fire      ######....   38%         6    #####..


Dungeon Overview and Level Annotations

Branches:
Dungeon (12/15)            Temple (1/1) D:5            Lair (0/8) D:11
    Orc (0/4) D:12

Altars:
Ashenzari
Cheibriados
Dithmenos
Elyvilon
Fedhas
Gozag
Kikubaaqudgha
Makhleb
Nemelex Xobeh
Okawaru
Qazlal
Ru
Sif Muna
Trog
Vehumet
Xom
Yredelemnul
Zin
The Shining One

Shops:
D:4 (=[   D:11 ?   D:12 *

Annotations:
D:10 nicanaca0's ghost, journeyman MiBe
D:12 Maurice


Message History

The shadow dragon is lightly wounded.
Your battlesphere expends the last of its energy and dissipates.
Casting: Magic Dart
Confirm with . or Enter, or press ? or * to list all spells.
Aiming: Magic Dart
Press: ? - help, Shift-Dir - straight line, f/p - shadow dragon
Aim: a shadow dragon (magical condensation, lightly wounded)
The magic dart hits the shadow dragon.
The shadow dragon is lightly wounded.
The shadow dragon bites you but does no damage.
The shadow dragon claws you but does no damage.
The shadow dragon claws you.
Read which item? (? for menu, Esc to quit)
As you read the scroll of teleportation, it crumbles to dust.
You feel strangely unstable. The shadow dragon bites you!
The shadow dragon closely misses you. The shadow dragon claws you!
The shadow dragon breathes negative energy at you.
The bolt of negative energy hits you!
You feel drained.
Ouch! That really hurt!
You die...

#.. ##≈≈≈≈≈....##
#... #≈≈≈≈≈.....#
.... #≈≈≈≈......#
###.(###≈≈≈.....(##
≈≈≈.)≈≈≈≈........#
..≈..≈..........##
.......D.......##
......!T.....###
.........@####
###########


You could see a shadow dragon and a deep troll earth mage.

Vanquished Creatures
  Nergalle (D:10)
  A hill giant (D:11)
  Pikel (D:7)
  2 ugly things (D:12)
  A deep elf priest (D:12)
  A two-headed ogre (D:9)
  2 trolls
  A spriggan (D:7)
  A water elemental (D:12)
  A shadow (D:12)
  6 yaks
  A hippogriff (D:12)
  Menkaure (D:4)
  2 hungry ghosts
  2 soldier ants (D:10)
  3 wargs
  5 orc warriors
  2 black bears
  6 ice beasts
  A wasp (D:7)
  4 centaurs
  4 ogres
  A slave (D:7)
  A water moccasin (D:9)
  4 big kobolds
  6 giant frogs
  A gnoll sergeant (D:10)
  14 killer bees
  8 wights
  2 scorpions
  9 crimson imps
  A quasit (D:10)
  3 centaur zombies (D:6)
  A jelly (D:7)
  5 centaur skeletons
  Crazy Yiuf (D:3)
  12 hounds
  A giant frog skeleton (D:10)
  A gnoll shaman (D:6)
  7 orc priests
  3 iguanas
  8 worker ants
  12 orc wizards
  A killer bee zombie (D:11)
  A hound skeleton (D:8)
  15 adders
  15 gnolls
  2 worker ant zombies (D:7)
  A shadow imp (D:11)
  An ooze (D:2)
  2 adder skeletons
  2 worms
  8 giant geckos
  55 orcs
  6 giant cockroaches
  4 goblins (D:2)
  7 hobgoblins
  12 jackals
  22 kobolds
  11 quokkas
  3 ball pythons
  4 bats
  8 giant newts
  A quokka zombie (D:8)
  13 rats
344 creatures vanquished.

Vanquished Creatures (others)
  A centaur (D:7)
  An orc priest (D:7)
  An orc (D:7)
3 creatures vanquished.

Grand Total: 347 creatures vanquished

Notes
Turn   | Place    | Note
--------------------------------------------------------------
     0 | D:1      | radek the Deep Elf Conjurer began the quest for the Orb.
     0 | D:1      | Reached XP level 1. HP: 10/10 MP: 6/6
   601 | D:2      | Found a shimmering altar of Xom.
   602 | D:2      | Found a shimmering altar of Xom.
   743 | D:2      | Reached skill level 5 in Conjurations
   743 | D:2      | Reached XP level 2. HP: 9/15 MP: 1/8
   946 | D:2      | Reached XP level 3. HP: 11/19 MP: 0/9
  1536 | D:2      | Found a sacrificial altar of Ru.
  1538 | D:2      | Reached skill level 6 in Conjurations
  1648 | D:2      | Found a burning altar of Makhleb.
  1695 | D:2      | Reached XP level 4. HP: 15/24 MP: 0/10
  1965 | D:2      | Found a shattered altar of Ashenzari.
  1972 | D:2      | Found a shimmering altar of Xom.
  2052 | D:2      | You fall through a shaft for 2 floors!
  2101 | D:4      | Found Duolin's Weapon Shop.
  2263 | D:4      | Reached skill level 7 in Conjurations
  2263 | D:4      | Reached XP level 5. HP: 28/28 MP: 5/11
  2270 | D:4      | Learned a level 5 spell: Iskenderun's Battlesphere
  2689 | D:2      | Reached skill level 1 in Charms
  3856 | D:3      | Reached XP level 6. HP: 32/32 MP: 4/12
  4050 | D:3      | Noticed Crazy Yiuf
  4072 | D:3      | Killed Crazy Yiuf
  4259 | D:3      | Found a basalt altar of Yredelemnul.
  4341 | D:3      | Found a white marble altar of Elyvilon.
  4443 | D:4      | Noticed Menkaure
  4615 | D:4      | Found Gichy's Jewellery Emporium.
  4871 | D:4      | Killed Menkaure
  5275 | D:4      | Found Qiry's Antique Armour Emporium.
  5305 | D:4      | Reached XP level 7. HP: 36/36 MP: 5/13
  5463 | D:5      | Entered Level 5 of the Dungeon
  5527 | D:5      | Learned a level 3 spell: Dazzling Spray
  5668 | D:5      | Reached skill level 1 in Hexes
  5787 | D:5      | Found a staircase to the Ecumenical Temple.
  5794 | D:5      | Reached skill level 8 in Charms
  5852 | D:5      | Found a glowing golden altar of the Shining One.
  5892 | Temple   | Entered the Ecumenical Temple
  6430 | D:5      | Found an iron altar of Okawaru.
  6445 | D:5      | Reached skill level 9 in Charms
  6716 | D:5      | Reached XP level 8. HP: 41/41 MP: 5/15
  6976 | D:5      | Reached skill level 10 in Charms
  7497 | D:6      | Reached skill level 11 in Charms
  8156 | D:6      | Reached skill level 5 in Spellcasting
  8166 | D:6      | Found a radiant altar of Vehumet.
  8830 | D:7      | Reached XP level 9. HP: 45/45 MP: 8/19
  8940 | D:7      | Reached skill level 12 in Charms
  9025 | D:7      | Found a sparkling altar of Nemelex Xobeh.
  9194 | D:7      | Noticed Pikel
  9201 | D:7      | Killed Pikel
 10466 | D:8      | Found a snail-covered altar of Cheibriados.
 11425 | D:9      | Reached XP level 10. HP: 50/50 MP: 17/25
 11711 | D:9      | Reached skill level 10 in Spellcasting
 11860 | D:9      | Reached skill level 1 in Fighting
 11970 | D:9      | Found a bloodstained altar of Trog.
 11970 | D:9      | Found a glowing golden altar of the Shining One.
 11971 | D:9      | Found an ancient bone altar of Kikubaaqudgha.
 12102 | D:9      | Reached skill level 10 in Conjurations
 12143 | D:10     | Entered Level 10 of the Dungeon
 12292 | D:10     | Reached skill level 13 in Charms
 12437 | D:10     | Noticed nicanaca0's ghost (journeyman MiBe)
 12777 | D:10     | Got a spiked leather armour
 12788 | D:10     | Identified the cursed +1 leather armour of the Hills {rPois rCorr Int-2} (You found it on level 10 of the Dungeon)
 13060 | D:10     | Noticed Nergalle
 13073 | D:10     | Noticed a spectral orc warlord
 13315 | D:10     | Reached skill level 5 in Hexes
 13677 | D:10     | Killed Nergalle
 14688 | D:11     | Reached XP level 11. HP: 50/57 MP: 20/28
 14714 | D:11     | Found Fesele Doudgh's Magic Scroll Emporium.
 15141 | D:11     | Noticed a hill giant
 15159 | D:11     | Killed a hill giant
 15443 | D:11     | Learned a level 6 spell: Bolt of Fire
 15544 | D:11     | Reached skill level 1 in Fire Magic
 15557 | D:11     | Found a staircase to the Lair.
 15789 | D:12     | Found Irag's Assorted Antiques.
 15800 | D:12     | Bought a pink potion for 22 gold pieces
 15800 | D:12     | Bought 2 ruby potions for 45 gold pieces
 16149 | D:12     | Found a staircase to the Orcish Mines.
 16283 | D:12     | Reached skill level 5 in Fire Magic
 16500 | D:12     | Noticed Maurice
 16679 | D:12     | Noticed a deep troll earth mage
 16682 | D:12     | Noticed a shadow dragon
 16688 | D:12     | Killed from afar by a shadow dragon

Vault maps used:
D:1:      onia_arrival_larder
D:2:      lemuel_round_altar, xom_redecorated, old_standard_altar,
          nicolae_ashenzari_panopticon
D:3:      lemuel_coloured_pillars_altar, lemuel_doored_altar,
          uniq_crazy_yiuf_cottage
D:4:      serial_shops, kennysheep_mini, kennysheep_mini_moat,
          nicolae_shop_temple_entry_statues_fountains, first_bread,
          uniq_menkaure
D:5:      okawaru_ov_weapons_minmay, minmay_temple_entry_purple_smoke,
          tso_metal_star
D:6:      fiery_altar_vehumet, st_stairs_14, hangedman_glass_teeth
D:7:      nemelex_deck, the_bakery, uniq_pikel
D:8:      slow_altar_2
D:9:      gammafunk_temple_overflow_claw
D:10:     uniq_nergalle
D:11:     erik_lair_orcish_takeover, serial_shops, shop_fountains
D:12:     cross_vault, orc_david_3, serial_shops, kennysheep_little_box,
          nicolae_shop_overgrown_old_shop, uniq_maurice
Temple:   nicolae_temple_great_sept

Action                   |  1- 3 |  4- 6 |  7- 9 | 10-12 || total
-------------------------+-------+-------+-------+-------++-------
Melee: Unarmed           |     1 |       |       |       ||     1
       Flail             |       |       |       |     4 ||     4
 Cast: Magic Dart        |    95 |   167 |   255 |   355 ||   872
       Iskenderun's Batt |       |     4 |    38 |    53 ||    95
       Dazzling Spray    |       |       |     7 |     8 ||    15
  Use: Scroll            |       |     6 |     3 |     5 ||    14
  Eat: Chunk             |     2 |     7 |    10 |     7 ||    26
       Meat ration       |       |     1 |     2 |     2 ||     5
       Beef jerky        |       |       |     2 |     1 ||     3
       Fruit             |       |       |     1 |     4 ||     5
       Bread ration      |       |       |     1 |       ||     1
       Pizza             |       |       |       |     1 ||     1
